 Dungeon Crawl Stone Soup version 0.14.0-12-g87ee3b7 (webtiles) character file.

42551 4tharraofdagon the Scorcher (level 13, -3/63 HPs)
             Began as a Deep Elf Fire Elementalist on Apr 16, 2014.
             Was the Champion of Sif Muna.
             Slain by an orc warrior
             ... wielding a +0,+1 trident of pain
              (13 damage)
             ... on Level 1 of the Orcish Mines.
             The game lasted 01:43:49 (7760 turns).

4tharraofdagon the Scorcher (DEFE)                  Turns: 7760, Time: 01:43:50

HP  -3/63        AC 10     Str  8      XL: 13   Next: 83%
MP   7/36        EV 11     Int 29      God: Sif Muna [******]
Gold 441         SH  0     Dex 15      Spells: 10 memorised, 11 levels left

rFire  + . .     SeeInvis .     (no weapon)
rCold  x . .     Clarity  .     M - +2 leather armour of the Bard {rN+ MR+ Acc+4 Curse}
rNeg   + . .     Conserve .     (no shield)
rPois  .         rCorr    .     (no helmet)
rElec  .         rRot     .     d - +0 cloak
SustAb . .       Spirit   .     c - +2 pair of gloves {Str+3}
rMut   .         Warding  .     y - +0 pair of boots
Saprov . . .     Stasis   .     (no amulet)
MR     ++...                    u - ring of fire
                                x - ring "Morhuam" {Hunger- Int+3 Stlth-}

@: repel missiles, about to teleport, very resistant to hostile enchantments,
unstealthy
A: regeneration 2
a: Channel Energy, Forget Spell, Renounce Religion


You were on level 1 of the Orcish Mines.
You worshipped Sif Muna.
Sif Muna was exalted by your worship.
You were hungry.

You visited 3 branches of the dungeon, and saw 25 of its levels.
You also visited: Labyrinth and Bailey.

You collected 1344 gold pieces.
You spent 903 gold pieces at shops.

Inventory:

Missiles
 k - 7 silver darts (quivered)
 I - 5 curare-tipped needles
Armour
 c - a +2 pair of gloves of strength (worn)
 d - a +0 cloak (worn)
 y - a +0 pair of boots (worn)
 M - the +2 leather armour of the Bard (worn) {rN+ MR+ Acc+4 Curse}
   (You found it in a labyrinth)

   It affects your accuracy with ranged weapons and melee attacks (+4).
   It protects you from negative energy.
   It affects your resistance to hostile enchantments.
   It may recurse itself when equipped.
Magical devices
 l - a wand of disintegration (5)
 F - a wand of fire (4)
 L - a wand of digging (11)
Comestibles
 b - 3 chunks of orc flesh
 g - 4 bread rations
 q - 4 meat rations
Scrolls
 e - 2 scrolls of enchant weapon I
 m - a scroll of remove curse
 r - a scroll of teleportation
 H - 2 scrolls of fog
 J - 2 scrolls of noise
 Q - a scroll of holy word
 S - a scroll of amnesia
Jewellery
 i - an uncursed ring of protection from cold
 u - a ring of fire (right hand)
 x - the ring "Morhuam" (left hand) {Hunger- Int+3 Stlth-}
   (You bought it in a shop on level 4 of the Orcish Mines)

   [ring of sustenance]

   It affects your intelligence (+3).
   It makes you much less stealthy.
 C - an uncursed amulet of inaccuracy {unknown}
 G - an uncursed ring of teleportation
 K - an uncursed ring of hunger {unknown}
Potions
 a - a potion of resistance {unknown}
 f - a potion of restore abilities
 h - 2 potions of magic
 j - 2 potions of cure mutation
 n - 14 potions of curing
 o - a potion of might
 p - a potion of agility
 s - a potion of invisibility {unknown}
 v - 5 potions of brilliance
 P - 2 potions of berserk rage {unknown}
Books
 w - Sif Muna's Papyrus of Combat Magic
   (Sif Muna gifted it to you on level 4 of the Lair of Beasts)

   Spells                             Type                      Level
   *Flame Tongue                      Conjuration/Fire             1
   Sting                              Conjuration/Poison           1
   Throw Frost                        Conjuration/Ice              2
   Throw Flame                        Conjuration/Fire             2
   Poisonous Cloud                    Conjuration/Poison/Air       6
   Chain Lightning                    Conjuration/Air              8
 z - Sif Muna's Disquisition on Flamy Combat Magic
   (Sif Muna gifted it to you on level 3 of the Orcish Mines)

   Spells                             Type                      Level
   Throw Flame                        Conjuration/Fire             2
   *Sticky Flame                      Conjuration/Fire             4
   Fulminant Prism                    Conjuration/Hexes            4
   Iskenderun's Battlesphere          Conjuration/Charms           5
   Bolt of Magma                      Conjuration/Fire/Earth       5
 N - a book of Wizardry

   Spells                             Type                      Level
   Summon Elemental                   Summoning                    4
   Agony                              Necromancy                   5
   Force Lance                        Conjuration                  5
   Haste                              Charms                       6
   Invisibility                       Hexes                        6
   Spellforged Servitor               Conjuration/Summoning        7
 O - Kuppajefaa's Collected Works on Harmful Heat
   (Sif Muna gifted it to you on level 8 of the Dungeon)

   Spells                             Type                      Level
   Throw Flame                        Conjuration/Fire             2
   *Bolt of Fire                      Conjuration/Fire             6
   Ring of Flames                     Charms/Fire                  7
 R - Sif Muna's Tome of Flamy Combat Magic
   (Sif Muna gifted it to you on level 7 of the Lair of Beasts)

   Spells                             Type                      Level
   Magic Dart                         Conjuration                  1
   Throw Flame                        Conjuration/Fire             2
   Searing Ray                        Conjuration                  2
   *Conjure Flame                     Conjuration/Fire             3
   Iskenderun's Mystic Blast          Conjuration                  4
   *Delayed Fireball                  Conjuration/Fire             7
 V - a book of Death

   Spells                             Type                      Level
   Corpse Rot                         Necromancy                   2
   Sublimation of Blood               Necromancy                   2
   Agony                              Necromancy                   5
   Dispel Undead                      Necromancy                   5
   Excruciating Wounds                Charms/Necromancy            5
   Bolt of Draining                   Conjuration/Necromancy       5


   Skills:
 - Level 2.4 Dodging
 - Level 2.4 Stealth
 + Level 13.8 Spellcasting
 * Level 14.7 Conjurations
 - Level 2.8 Translocations
 * Level 15.2 Fire Magic
 - Level 8.5 Invocations
 - Level 3.2 Evocations


You had 11 spell levels left.
You knew the following spells:

 Your Spells              Type           Power        Failure   Level  Hunger
a - Flame Tongue          Conj/Fire      #####        0%          1    None
b - Conjure Flame         Conj/Fire      ########     1%          3    None
c - Sticky Flame          Conj/Fire      ########     1%          4    None
d - Fireball              Conj/Fire      ########..   1%          5    None
e - Apportation           Tloc           #####.....   1%          1    None
f - Blink                 Tloc           N/A          1%          2    None
g - Bolt of Fire          Conj/Fire      ########..   1%          6    ####...
h - Delayed Fireball      Conj/Fire      N/A          6%          7    #####..
i - Repel Missiles        Chrm/Air       ###...       4%          2    None
j - Swiftness             Chrm/Air       ###.....     4%          2    None


Dungeon Overview and Level Annotations

Branches:
Dungeon (13/15)               Orc (4/4) D:9             Elf (0/3) Orc:3
   Lair (8/8) D:8          Spider (0/5) Lair:3
 Temple: D:4-7        Swamp: Lair:3-6    Shoals: Lair:3-6     Snake: Lair:3-6
  Slime: Lair:6-8    Vaults: D:13-14

Altars:
Cheibriados
Dithmenos
Elyvilon
Kikubaaqudgha
Sif Muna
Trog
Yredelemnul
The Shining One

Shops:
D:5 *   D:8 }   D:10 *   Orc:4 %}(!(==(

Annotations:
Lair:4 exclusion: oklob plant


Innate Abilities, Weirdness & Mutations

You heal very quickly.


Message History

* * * LOW HITPOINT WARNING * * *
The orc hits you but does no damage.
Unknown command.
Drink which item? (? for menu, Esc to quit)
Okay, then.
Unknown command.
Drink which item? (? for menu, Esc to quit)
You feel much better. The orc hits you but does no damage.
The orc barely misses you.
The orc priest calls down the wrath of Beogh upon you.
Something smites you!
* * * LOW HITPOINT WARNING * * *
The orc closely misses you. The orc barely misses you.
The orc priest barely misses you.
The orc priest utters an invocation to Beogh.
You feel a wave of unholy energy pass over you.
The orc hits you with a dagger.
* * * LOW HITPOINT WARNING * * *
The orc warrior hits you from afar with a glowing trident!
You die...

## .# #. ...#..
## #....#. #.###
.#$....#....##.
.....o.o.......
......oooo......#
......oo@oo#
...$..ooooog.....
.#$...ooo......
.$.............
.....$..#.....#
.............
.#.......#.
..$.#.... # #


You could see an orc warrior, 7 orc priests, 10 orcs and a goblin.

Vanquished Creatures
  The ghost of ThirdFlower the Markscentaur, a powerful CeHu of Okawaru (Orc:3)
  A minotaur (Lab)
  3 hydras
  2 centaur warriors
  Erolcha (D:11)
  A hill giant (D:11)
  An ice statue (D:11)
  2 lindwurms (Lair:8)
  Joseph (D:8)
  8 orc knights
  A cyclops (Orc:3)
  6 elephants
  2 black mambas (Lair:8)
  2 gargoyles
  6 spiny frogs
  Psyche (D:11)
  A kobold demonologist (D:11)
  3 komodo dragons (Lair:8)
  3 giant fireflies (Lair:8)
  3 giant leeches (Lair:8)
  2 trolls
  8 blink frogs
  20 ugly things (D:11)
  A wyvern (D:10)
  30 yaks
  2 deep elf magi
  Eustachio (D:4)
  2 elephant slugs (Lair:8)
  3 steam dragons
  5 hippogriffs
  A hungry ghost (D:11)
  4 wolves
  A necrophage (D:9)
  3 wargs
  5 porcupines
  7 water moccasins
  5 ice beasts
  4 ogres
  3 phantoms
  12 centaurs
  32 orc warriors
  A boring beetle (Lair:5)
  4 big kobolds (D:11)
  6 crocodiles
  6 giant frogs
  12 giant slugs
  A wyvern zombie (D:9)
  3 brain worms (Lair:8)
  A cyclops skeleton (D:11)
  A killer bee (D:10)
  A troll zombie (D:9)
  2 scorpions
  3 wights (D:11)
  2 electric eels (D:9)
  2 goliath beetles
  7 hounds
  2 quasits
  A crimson imp (D:11)
  5 iguanas
  11 orc priests
  3 jellies
  An elf skeleton (D:12)
  A worker ant (D:9)
  19 orc wizards
  9 sheep
  A crocodile skeleton (D:6)
  An ogre skeleton (D:5)
  A hound skeleton (D:4)
  22 gnolls
  30 green rats
  A scorpion zombie (D:10)
  A giant mite (D:8)
  9 adders
  2 shadow imps
  23 worms
  3 iguana skeletons
  A giant eyeball (D:9)
  7 giant geckos
  134 orcs
  A giant cockroach (D:1)
  8 goblins
  9 hobgoblins
  16 jackals
  23 kobolds
  6 quokkas
  11 bats
  2 giant newts
  8 rats
  3 fungi
  2 plants
629 creatures vanquished.

Vanquished Creatures (collateral kills)
  A crimson imp (D:8)
1 creature vanquished.

Vanquished Creatures (others)
  A komodo dragon (Lair:7)
  2 adders
  A giant eyeball (D:8)
  A giant spore (D:11)
  A hobgoblin zombie (D:8)
  4 ballistomycetes (D:11)
  A fungus (Lair:8)
  3 plants
14 creatures vanquished.

Grand Total: 644 creatures vanquished

Notes
Turn   | Place    | Note
--------------------------------------------------------------
     0 | D:1      | 4tharraofdagon, the Deep Elf Fire Elementalist, began the quest for the Orb.
     0 | D:1      | Reached XP level 1. HP: 10/10 MP: 5/5
   142 | D:2      | Reached XP level 2. HP: 15/15 MP: 4/8
   355 | D:4      | Noticed Eustachio
   402 | D:3      | Reached XP level 3. HP: 16/19 MP: 0/11
   407 | D:3      | Learned a level 3 spell: Conjure Flame
   419 | D:3      | Reached skill level 4 in Fire Magic
   470 | D:4      | Killed Eustachio
   470 | D:4      | Reached skill level 5 in Fire Magic
   470 | D:4      | Reached XP level 4. HP: 15/24 MP: 0/15
   470 | D:4      | Reached XP level 5. HP: 17/28 MP: 0/18
   523 | D:4      | Learned a level 4 spell: Sticky Flame
   563 | D:5      | Entered Level 5 of the Dungeon
   690 | D:5      | Gained mutation: Your natural rate of healing is unusually fast. [potion of beneficial mutation]
   725 | D:5      | Found Plang's Assorted Antiques.
   751 | D:5      | Reached XP level 6. HP: 28/32 MP: 7/20
   758 | D:5      | Learned a level 5 spell: Fireball
   774 | D:5      | Bought an orange potion for 24 gold pieces
   774 | D:5      | Bought a gluggy purple potion for 24 gold pieces
   774 | D:5      | Bought a scroll of identify for 54 gold pieces
   836 | D:5      | Noticed a hippogriff
   851 | D:5      | Killed a hippogriff
   851 | D:5      | Reached skill level 5 in Spellcasting
   928 | D:6      | Found a deep blue altar of Sif Muna.
   935 | D:6      | Found a glowing golden altar of the Shining One.
   936 | D:6      | Found a white marble altar of Elyvilon.
   946 | D:6      | time for terrible god
   948 | D:6      | Became a worshipper of Sif Muna the Loreminder
  1036 | D:6      | Noticed an ice beast
  1044 | D:6      | Killed an ice beast
  1044 | D:6      | Reached skill level 1 in Invocations
  1044 | D:6      | Reached XP level 7. HP: 36/36 MP: 15/22
  1068 | D:8      | Reached skill level 5 in Conjurations
  1080 | D:8      | Reached skill level 6 in Fire Magic
  1133 | D:8      | Noticed a yak
  1138 | D:8      | Noticed a yak
  1143 | D:8      | Noticed a yak
  1144 | D:8      | Killed a yak
  1154 | D:8      | Found a shadowy altar of Dithmenos.
  1215 | D:8      | Found a basalt altar of Yredelemnul.
  1219 | D:8      | Found an ancient bone altar of Kikubaaqudgha.
  1223 | D:8      | Found a snail-covered altar of Cheibriados.
  1364 | D:8      | Found a flagged portal.
  1404 | Bailey   | Entered a bailey
  1585 | Bailey   | Acquired Sif Muna's first power
  1585 | Bailey   | Reached XP level 8. HP: 41/41 MP: 4/25
  1606 | Bailey   | no
  1608 | Bailey   | Noticed an orc knight
  1623 | Bailey   | Killed an orc knight
  1623 | Bailey   | Reached skill level 7 in Spellcasting
  1623 | Bailey   | Reached skill level 5 in Invocations
  1644 | Bailey   | Noticed an orc knight
  1647 | Bailey   | Noticed an orc knight
  1653 | Bailey   | Acquired Sif Muna's second power
  1673 | Bailey   | Killed an orc knight
  1673 | Bailey   | Reached XP level 9. HP: 21/45 MP: 2/28
  1674 | Bailey   | Killed an orc knight
  1674 | Bailey   | Reached skill level 8 in Spellcasting
  1727 | Bailey   | Noticed an orc knight
  1749 | Bailey   | Killed an orc knight
  1775 | Bailey   | fuck
  1835 | Bailey   | Noticed an orc knight
  1850 | Bailey   | Killed an orc knight
  1850 | Bailey   | Reached skill level 9 in Spellcasting
  1992 | D:9      | Reached XP level 10. HP: 50/50 MP: 14/30
  2051 | D:9      | Found a staircase to the Orcish Mines.
  2131 | D:10     | Entered Level 10 of the Dungeon
  2143 | D:10     | Found Omaqaist's Assorted Antiques.
  2168 | D:10     | Bought a yellow potion for 25 gold pieces
  2168 | D:10     | Bought a scroll labeled IWIACW THEL for 28 gold pieces
  2168 | D:10     | Bought 2 inky potions for 50 gold pieces
  2168 | D:10     | Bought a scroll labeled STONGE ZYQE for 28 gold pieces
  2168 | D:10     | Bought a scroll labeled THRORA SENEI for 28 gold pieces
  2259 | D:10     | Identified a scroll of acquirement
  2269 | D:10     | not bad
  2328 | D:10     | Found a bloodstained altar of Trog.
  2371 | D:11     | Acquired Sif Muna's third power
  2494 | D:11     | Noticed a hill giant
  2580 | D:12     | Reached skill level 10 in Spellcasting
  2583 | D:12     | Reached skill level 10 in Fire Magic
  2700 | D:11     | Reached skill level 10 in Conjurations
  2785 | D:11     | Noticed Psyche
  2841 | D:11     | Reached XP level 11. HP: 44/54 MP: 26/32
  2869 | D:11     | Noticed Erolcha
  2883 | D:11     | Killed Erolcha
  2900 | D:11     | Killed Psyche
  2924 | D:11     | Reached skill level 11 in Fire Magic
  2956 | D:11     | Found a frozen archway.
  2956 | D:11     | Noticed an ice statue
  2956 | D:11     | Noticed a hill giant
  2965 | D:11     | Killed a hill giant
  2965 | D:11     | Received a gift from Sif Muna
  2992 | D:11     | Killed an ice statue
  3148 | D:11     | ROTFL
  3162 | D:11     | timed portal destroyed by rng
  3264 | D:11     | RAGE
  3279 | D:13     | Noticed a centaur warrior
  3282 | D:13     | Killed a centaur warrior
  3306 | D:12     | Gained mutation: You heal very quickly. [potion of beneficial mutation]
  3537 | D:11     | FU
  3657 | D:9      | Reached skill level 12 in Fire Magic
  3780 | D:10     | Learned a level 1 spell: Apportation
  3783 | D:10     | Learned a level 2 spell: Blink
  3853 | D:9      | Noticed a gargoyle
  3859 | D:9      | Killed a gargoyle
  3859 | D:9      | Reached skill level 1 in Translocations
  3859 | D:9      | Reached skill level 1 in Evocations
  3906 | D:9      | Paralysed by a giant eyeball for 3 turns
  3910 | D:9      | Paralysed by a giant eyeball for 3 turns
  4145 | D:10     | Bought a dented peridot amulet for 140 gold pieces
  4248 | D:8      | Killed a yak
  4249 | D:8      | Killed a yak
  4434 | D:8      | Found Lita's Gadget Shop.
  4458 | D:8      | Found a staircase to the Lair.
  4458 | D:8      | Noticed an elephant
  4458 | D:8      | Noticed a yak
  4459 | D:8      | Noticed Joseph
  4460 | D:8      | Killed a yak
  4462 | D:8      | Killed Joseph
  4462 | D:8      | Reached XP level 12. HP: 59/59 MP: 6/34
  4473 | D:8      | Killed an elephant
  4473 | D:8      | Received a gift from Sif Muna
  4483 | D:8      | Identified Kuppajefaa's Collected Works on Harmful Heat (Sif Muna gifted it to you on level 8 of the Dungeon)
  4519 | D:8      | Learned a level 6 spell: Bolt of Fire
  4527 | Lair:1   | Entered Level 1 of the Lair of Beasts
  4711 | Lair:3   | Noticed a six-headed hydra
  4720 | Lair:3   | Killed a six-headed hydra
  4777 | Lair:3   | Found a hole to the Spider Nest.
  5216 | Lair:7   | Reached skill level 13 in Fire Magic
  5241 | Lair:7   | Received a gift from Sif Muna
  5242 | Lair:7   | Identified Sif Muna's Tome of Flamy Combat Magic (Sif Muna gifted it to you on level 7 of the Lair of Beasts)
  5259 | Lair:7   | Learned a level 7 spell: Delayed Fireball
  5352 | Lair:7   | Found a labyrinth entrance.
  5360 | Lab      | Entered a labyrinth
  5539 | Lab      | Noticed a minotaur
  5575 | Lab      | Killed a minotaur
  5617 | Lab      | Got a bloodstained leather armour
  5627 | Lab      | Identified the +2 leather armour of the Bard {rN+ MR+ Acc+4 Curse} (You found it in a labyrinth)
  5631 | Lab      | LORD OF TRASH vol. 89
  5634 | Lab      | Learned a level 2 spell: Repel Missiles
  5637 | Lab      | Learned a level 2 spell: Swiftness
  5655 | Lair:8   | Entered Level 8 of the Lair of Beasts
  5655 | Lair:8   | Noticed an eight-headed hydra
  5675 | Lair:8   | Killed an eight-headed hydra
  5842 | Lair:8   | TRASHY ENDING
  5850 | Lair:8   | NO EXP= DEATH in ELVES
  5903 | Lair:8   | Reached XP level 13. HP: 63/63 MP: 27/36
  6073 | Lair:8   | Reached skill level 14 in Fire Magic
  6382 | Lair:4   | Received a gift from Sif Muna
  6385 | Lair:4   | Noticed an eight-headed hydra
  6386 | Lair:4   | Identified Sif Muna's Papyrus of Combat Magic (Sif Muna gifted it to you on level 4 of the Lair of Beasts)
  6428 | Lair:4   | Killed an eight-headed hydra
  6806 | D:8      | rotfl
  6850 | Orc:1    | Entered Level 1 of the Orcish Mines
  6918 | Orc:4    | Entered Level 4 of the Orcish Mines
  6930 | Orc:4    | Found Qaano's Gadget Emporium.
  6931 | Orc:4    | Found Kloehu's Food Shoppe.
  7075 | Orc:4    | Found Ghec's Antique Weapon Shoppe.
  7270 | Orc:4    | Found Fagaufa's Jewellery Emporium.
  7270 | Orc:4    | Found Deroy's Jewellery Boutique.
  7273 | Orc:4    | Found Bludarocse's Weapon Shop.
  7275 | Orc:4    | Found Croapry's Antique Weapon Shoppe.
  7292 | Orc:4    | Reached skill level 15 in Fire Magic
  7354 | Orc:4    | Bought the ring "Morhuam" {Hunger- Int+3 Stlth-} for 431 gold pieces
  7379 | Orc:4    | Found Onaala's Distillery.
  7392 | Orc:4    | Bought a potion of brilliance for 32 gold pieces
  7392 | Orc:4    | Bought a potion of heal wounds for 39 gold pieces
  7463 | Orc:3    | Found a staircase to the Elven Halls.
  7480 | Orc:3    | Noticed ThirdFlower's ghost (powerful CeHu)
  7487 | Orc:3    | Killed ThirdFlower's ghost
  7487 | Orc:3    | Received a gift from Sif Muna
  7488 | Orc:3    | Identified Sif Muna's Disquisition on Flamy Combat Magic (Sif Muna gifted it to you on level 3 of the Orcish Mines)
  7756 | Orc:1    | WTF
  7759 | Orc:1    | HP: 3/63 [orc/dagger (2)]
  7760 | Orc:1    | Slain by an orc warrior

Action                   |  1- 3 |  4- 6 |  7- 9 | 10-12 | 13-15 || total
-------------------------+-------+-------+-------+-------+-------++-------
Melee: Unarmed           |     2 |    16 |       |    17 |    19 ||    54
       Cutlass           |       |     9 |     4 |       |       ||    13
       Short sword       |       |       |       |   171 |       ||   171
 Cast: Flame Tongue      |    35 |    36 |    38 |    66 |    13 ||   188
       Conjure Flame     |     1 |     7 |    10 |    53 |     4 ||    75
       Fireball          |       |       |    26 |   110 |    85 ||   221
       Sticky Flame      |       |       |     4 |    69 |    34 ||   107
       Apportation       |       |       |       |     7 |    34 ||    41
       Repel Missiles    |       |       |       |     1 |     4 ||     5
       Delayed Fireball  |       |       |       |     1 |     3 ||     4
       Swiftness         |       |       |       |     1 |       ||     1
       Bolt of Fire      |       |       |       |       |    40 ||    40
       Blink             |       |       |       |       |     7 ||     7
Invok: Channel Energy    |       |       |    38 |   173 |   196 ||   407
 Abil: Evoke Teleportati |       |       |       |    25 |     4 ||    29
       Release Delayed F |       |       |       |       |     4 ||     4
Evoke: Wand              |       |     1 |     3 |     6 |     7 ||    17
  Use: Potion            |     4 |     1 |     3 |     1 |     6 ||    15
       Scroll            |       |     4 |     9 |    24 |     2 ||    39
 Stab: Sleeping          |       |       |     1 |     2 |       ||     3
       Paralysed         |       |       |     1 |       |       ||     1
